[Event "Late-Titled-Tuesday-Blitz-October-10-2023"]
[Site "Chess.com"]
[Date "2023.10.10"]
[Round "1"]
[White "TheBigBoss04"]
[Black "Balla_Tamas"]
[Result "1-0"]
[WhiteElo "2739"]
[BlackElo "2405"]
[TimeControl "180+1"]
[EndTime "14:06:46 PDT"]
[Termination "TheBigBoss04 won by resignation"]

1. Nf3 c5 2. e4 Nc6 3. Nc3 g6 4.
d4 cxd4 5. Nxd4 Bg7 6. Be3 Nf6 7. Bc4 O-O 8. Bb3 d5 9. exd5 Nxd4 10. Bxd4 Bg4 11. Qd2 Bf5 12. O-O a6 13. Rfe1 b5 14. a3 Rc8 15. h3 Qd7 16. Re2 Rfd8 17. Rae1 e6 18. Bb6 Nxd5 19. Nxd5 exd5 20. Bxd8 Rxd8 21. c3 Qd6 22. Re8+ Rxe8 23. Rxe8+ Bf8 24. Qxd5 Qf6 25.
Qc5 Qg7 26. Qe5 Qh6 27. Qc7 Be6 28. Bxe6 fxe6 29. Rxe6 Qc1+ 30. Kh2 Qxb2 31. Rf6 Qxa3 32. Qf7+ 1-0

[Event "Late-Titled-Tuesday-Blitz-October-10-2023"]
[Site "Chess.com"]
[Date "2023.10.10"]
[Round "1"]
[White "Artyom_ChessMate"]
[Black "FairChess_on_YouTube"]
[Result "0-1"]
[WhiteElo "2520"]
[BlackElo "3089"]
[TimeControl "180+1"]
[EndTime "14:06:47 PDT"]
[Termination "FairChess_on_YouTube won by resignation"]

1. e4 c5 2. Nc3 a6 3. g3 b5 4. Bg2 Bb7 5. d3 e6 6. Nh3 Nc6 7. O-O d6 8. f4 Be7 9. Be3 b4 10.
Ne2 Nf6 11. f5 e5 12. Nf2 d5 13. g4 Nd4 14. c3 Nxe2+ 15. Qxe2 d4 16. cxd4 cxd4 17.
Bd2 Nd7 18. Rac1 a5 19. Rc2 Rc8 20. Rfc1 Rxc2 21. Rxc2 O-O 22. Qd1 Qb6 23. Qc1 Nc5 24.
g5 b3 25. axb3 Nxb3 26. Qd1 Nxd2 27. Qxd2 Rc8 28. Rxc8+ Bxc8 29. Ng4 Qc5 30. f6 Bxg4 31. fxe7 Bd7 32. Bh3 Be8 33. b3 Qxe7 34. Qxa5 Qxg5+ 35. Kf1 Qc1+ 36. Kg2 Qc2+ 37. Kg1 Qd1+ 38. Bf1 Qg4+ 39. Kf2 Qf4+ 40. Kg1 Qg5+ 41. Kf2 h5 42. Qa8 Qe7 43. Bh3 Kh7 44. b4 Bb5 45. Qd5 Qh4+ 46. Kg2 Qg5+ 47.
Kf2 Qf4+ 48. Kg1 Bxd3 49. b5 Bxe4 0-1

[Event "Late-Titled-Tuesday-Blitz-October-10-2023"]
[Site "Chess.com"]
[Date "2023.10.10"]
[Round "1"]
[White "protectiago"]
[Black "Sanyura"]
[Result "0-1"]
[WhiteElo "2084"]
[BlackElo "2539"]
[TimeControl "180+1"]
[EndTime "14:06:47 PDT"]
[Termination "Sanyura won on time"]

1. d4 Nf6 2. c4 g6 3. Nc3 d6 4. e4 Bg7 5. Nf3 O-O 6. Be2 e5 7. Be3 Ng4 8. Bg5 f6 9. Bh4 Nc6 10. d5 Ne7 11. Bg3 f5 12. Ng5 Nf6 13. f4 exf4 14. Bxf4 fxe4 15. O-O Nf5 16. Ne6 Bxe6 17.
dxe6 c6 18. g4 Qb6+ 19. Kh1 Ne3 20. Bxe3 Qxe3 21. Qxd6 Rad8 22. Qe5 Nxg4 23. Qxe4 Nf2+ 24. Rxf2 Qxf2 25. e7 Bxc3 26. exd8=Q Rxd8 27. bxc3 Rd2 28. Qe6+ Kg7 29. Qe5+ Kh6 30. Qe4 Rxe2 0-1

[Event "Late-Titled-Tuesday-Blitz-October-10-2023"]
[Site "Chess.com"]
[Date "2023.10.10"]
[Round "1"]
[White "Hrant_ChessMood"]
[Black "MaxLeto"]
[Result "1-0"]
[WhiteElo "2928"]
[BlackElo "2495"]
[TimeControl "180+1"]
[EndTime "14:06:49 PDT"]
[Termination "Hrant_ChessMood won on time"]

1. e4 c5 2. Nf3 d6 3. d4 cxd4 4. Nxd4 Nf6 5. Nc3 a6 6. Be3 Ng4 7. Bc1 Nf6 8. Be2 e6 9. Be3 Be7 10. Qd2 O-O 11. O-O-O b5 12. f3 Bb7 13. Kb1 Nbd7 14.
g4 Nb6 15. g5 Nfd7 16. Ka1 b4 17. Nb1 a5 18. Rhg1 d5 19. exd5 Nxd5 20. f4 Nxe3 21.
Qxe3 Bc5 22. Bf3 Qb6 23. Bxb7 Qxb7 24. Rd2 Nb6 25. Qe2 a4 26. Rgd1 a3 27. b3 Nd5 28.
Qf3 Qc7 29. Ne2 Be3 30. Rxd5 Qxc2 31. R5d2 Bxd2 32. Rxd2 Qc5 33. Qe4 Rfd8 34. Rc2 Qf2 35. Qxb4 Rd1 36. Qe4 Rad8 37. Nc3 Qf1 38. Nxd1 Qxd1 39.
Qc4 g6 40. Rc1 Qf3 41. Nxa3 Qf2 42. Nb5 1-0

[Event "Late-Titled-Tuesday-Blitz-October-10-2023"]
[Site "Chess.com"]
[Date "2023.10.10"]
[Round "1"]
[White "Arystanner"]
[Black "Eloist"]
[Result "1-0"]
[WhiteElo "2819"]
[BlackElo "2438"]
[TimeControl "180+1"]
[EndTime "14:06:50 PDT"]
[Termination "Arystanner won on time"]

1. Nf3 Nf6 2. c4 e6 3. e3 b6 4. b3 Bb7 5. Bb2 c5 6. g3 g6 7. Bg2 Bg7 8. O-O O-O 9. Nc3 d6 10. Qc2 Nbd7 11. Rfd1 e5 12. d3 Re8 13. e4 Nf8 14.
Nd5 Ne6 15. Bh3 Bc8 16. Kg2 Nxd5 17. cxd5 Ng5 18. Nxg5 Qxg5 19. Bxc8 Raxc8 20. Qd2 Qxd2 21. Rxd2 f5 22. Re1 Rf8 23. Rde2 f4 24. f3 h5 25. Bc1 Bh6 26. Bd2 Kg7 27. Rc1 g5 28. gxf4 gxf4 29. Kh3 Bg5 30. Rg2 Kf6 31. Rcg1 Rg8 32. Be1 Rg7 33.
b4 Rcg8 34. bxc5 bxc5 35. Ba5 Bh6 36. Rxg7 Rxg7 37. Rxg7 Bxg7 38. Kh4 Kg6 39. Bd8 Bf8 40.
a4 a6 41. Bg5 1-0

[Event "Late-Titled-Tuesday-Blitz-October-10-2023"]
[Site "Chess.com"]
[Date "2023.10.10"]
[Round "1"]
[White "Joshukid"]
[Black "blueryder"]
[Result "1-0"]
[WhiteElo "2565"]
[BlackElo "2182"]
[TimeControl "180+1"]
[EndTime "14:06:51 PDT"]
[Termination "Joshukid won by resignation"]

1. c4 e5 2. Nc3 Nc6 3. Nf3 f5 4. e4 d6 5. d4 exd4 6. Nxd4 Nxd4 7. Qxd4 Nf6 8. Bg5 Be7 9. Bd3 fxe4 10. Nxe4 O-O 11. O-O h6 12. Bh4 c6 13. Bxf6 Bxf6 14. Qxd6 Qe8 15. Nxf6+ Rxf6 16. Qg3 Bf5 17. Bxf5 Rxf5 18.
Rfe1 Qf7 19. b3 Rf8 20. f3 Rg5 21. Qf2 Qxf3 22. Qxf3 Rxf3 23. Re8+ Rf8 24. Rae1 Kf7 25. R1e7+ Kg8 26. Rxf8+ Kxf8 27. Rxb7 Ra5 28. a4 g5 29.
h3 h5 30. Rc7 Ra6 31. Kf2 Rb6 32. a5 Rxb3 33. Rxc6 Rb7 34. Rh6 h4 35. Rg6 Rc7 36. Rxg5 Rxc4 37. Rg4 Rc5 38. Rxh4 Rxa5 39. Rh7 Ra1 40.
h4 a5 41. Ra7 a4 42. Kg3 a3 43. Kg4 Rg1 44. g3 Ra1 45. Kg5 a2 46. g4 Kg8 47. h5 Kh8 48. h6 Kg8 49. Kg6 Kf8 50. h7 Rh1 51. Rxa2 Rh4 52. Ra8+ Ke7 53. h8=Q 1-0

[Event "Late-Titled-Tuesday-Blitz-October-10-2023"]
[Site "Chess.com"]
[Date "2023.10.10"]
[Round "1"]
[White "GiorgianBarbosa"]
[Black "ozates"]
[Result "0-1"]
[WhiteElo "2419"]
[BlackElo "2778"]
[TimeControl "180+1"]
[EndTime "14:06:54 PDT"]
[Termination "ozates won by checkmate"]

1. c4 c5 2. g3 Nc6 3. Bg2 g6 4. Nc3 Bg7 5. e4 d6 6. Nge2 e6 7. d3 Nge7 8. O-O O-O 9. Be3 Nd4 10.
Qd2 Re8 11. Bg5 Rb8 12. Rab1 a6 13. a4 Qa5 14. Nxd4 cxd4 15. Ne2 Qxd2 16. Bxd2 b5 17. cxb5 axb5 18. a5 b4 19. Ra1 Ba6 20. Nc1 Rec8 21. Rd1 Rc2 22. Rb1 Nc6 23. Bf1 Nxa5 24. Ra1 Rb5 25. Bxb4 Rxb4 26. Rxa5 Bb7 27. b3 e5 28. Bh3 Bh6 29. Na2 Rxb3 30. Ra7 Rbb2 31. Rf1 Bc6 32. f4 Rxa2 33. fxe5 Rxa7 34. e6 Rc1 35.
exf7+ Rxf7 36. Be6 Rxf1+ 37. Kg2 Rf6 38. Kh3 Rxe6 39.
e5 dxe5 40. g4 e4 41. g5 exd3 42. Kh4 d2 43. h3 d1=Q 44. gxh6 Qh5+ 45. Kg3 Rf3+ 46.
Kg2 Qxh3+ 47. Kg1 Rf1# 0-1

[Event "Late-Titled-Tuesday-Blitz-October-10-2023"]
[Site "Chess.com"]
[Date "2023.10.10"]
[Round "1"]
[White "Vamostodorecto"]
[Black "Binary010"]
[Result "0-1"]
[WhiteElo "2443"]
[BlackElo "2830"]
[TimeControl "180+1"]
[EndTime "14:06:57 PDT"]
[Termination "Binary010 won on time"]

1. d4 Nf6 2. c4 e6 3. Nc3 Bb4 4. e3 O-O 5. Bd2 c5 6. Nf3 b6 7. Bd3 Bb7 8. O-O d6 9. Rc1 Nbd7 10. Nb5 Bxf3 11. gxf3 Bxd2 12. Qxd2 Qe7 13. Kh1 a6 14. Nc3 cxd4 15. exd4 Nh5 16. Rg1 Qf6 17. Be4 Rac8 18. Ne2 e5 19. Qg5 Qxg5 20. Rxg5 g6 21. Bb7 Rc7 22. Bxa6 Ra8 23. Bb5 Rxa2 24. Bxd7 Rxd7 25. dxe5 Rxb2 26. Ng3 Nxg3+ 27. hxg3 dxe5 28. Rxe5 Rxf2 29. Rb5 Rd6 30. f4 h5 31. Kg1 Rdd2 32. Rxb6 Rg2+ 33. Kh1 Rh2+ 34. Kg1 Rdg2+ 35. Kf1 Rxg3 36. c5 h4 37. Rc4 Ra3 38. Kg1 Raa2 39. c6 Rag2+ 40. Kf1 Rc2 41.
Rxc2 Rxc2 42. Ra6 Kg7 43. Kg1 Kf6 44. c7+ Kf5 45. Ra7 f6 46. Ra5+ Kxf4 47. Ra6 Kg5 48. Ra5+ f5 49. Ra7 Kg4 50. Kf1 h3 51. Ke1 h2 0-1

[Event "Late-Titled-Tuesday-Blitz-October-10-2023"]
[Site "Chess.com"]
[Date "2023.10.10"]
[Round "1"]
[White "miraitrunks"]
[Black "aNaartjieZA"]
[Result "1/2-1/2"]
[WhiteElo "2216"]
[BlackElo "2570"]
[TimeControl "180+1"]
[EndTime "14:06:58 PDT"]
[Termination "Game drawn by repetition"]

1. e4 e6 2. Nc3 d5 3. Nf3 Nf6 4.
e5 Nfd7 5. d4 c5 6. dxc5 Nc6 7.
Bf4 Bxc5 8. Bd3 a6 9. O-O h6 10. Qe2 O-O 11. Rad1 b5 12. Ne4 Be7 13. Ng3 f5 14. exf6 Nxf6 15. Ne5 Nxe5 16. Bxe5 Bd6 17. c4 bxc4 18. Bxc4 Bxe5 19. Qxe5 Qb6 20. Bb3 Ng4 21. Qe2 Nf6 22. h3 Bd7 23. Rfe1 Rae8 24. Rd2 Kh8 25.
Nh5 Bb5 26. Qd1 Ne4 27. Qg4 Re7 28. Rxe4 dxe4 29. Nf4 Ref7 30. Ng6+ Kh7 31. Nxf8+ Rxf8 32. Qxe4+ Kh8 33. Qxe6 Qa5 34. Rd4 Qc7 35. Rh4 Qc1+ 36. Kh2 Qc7+ 37. Kg1 Qc1+ 38. Kh2 Qc7+ 39. Kg1 1/2-1/2

[Event "Late-Titled-Tuesday-Blitz-October-10-2023"]
[Site "Chess.com"]
[Date "2023.10.10"]
[Round "1"]
[White "ExchangeAB"]
[Black "Grischuk"]
[Result "0-1"]
[WhiteElo "2500"]
[BlackElo "2978"]
[TimeControl "180+1"]
[EndTime "14:07:02 PDT"]
[Termination "Grischuk won on time"]

1. d4 e6 2. Nc3 Bb4 3. e4 d5 4. exd5 exd5 5. Bd3 Ne7 6. Ne2 Bf5 7. O-O O-O 8. Ng3 Bxd3 9. Qxd3 Qd7 10. Nce2 Na6 11. c3 Bd6 12. Bf4 c6 13. Rfe1 Nc7 14. Qd2 Rae8 15. Bxd6 Qxd6 16. Nf4 Ng6 17. Nd3 b6 18. Rxe8 Rxe8 19. Re1 Rxe1+ 20. Qxe1 f6 21. Nf5 Qd7 22. Ne3 Ne8 23. Qe2 Nd6 24. Qg4 Qxg4 25. Nxg4 Kf7 26. f3 Ne7 27. Ne3 h5 28. Kf2 g5 29. g4 hxg4 30.
fxg4 Ke6 31. Kf3 Ng6 32. Ng2 Ne4 33. Nf2 Nd2+ 34. Kg3 Nf1+ 35. Kh3 c5 36. Nd3 c4 37. Nc1 b5 38. Ne2 a5 39. Ng3 Nd2 40. Nf5 Ne4 41. Nfe3 b4 42. Nd1 Kd6 43. a3 b3 44. Nde3 Nxc3 45.
Ne1 Ne2 46. Nf5+ Ke6 47. Kg2 c3 48. Nd3 Nef4+ 49. Nxf4+ Nxf4+ 0-1

[Event "Late-Titled-Tuesday-Blitz-October-10-2023"]
[Site "Chess.com"]
[Date "2023.10.10"]
[Round "1"]
[White "talaicito"]
[Black "AlleyOoper"]
[Result "0-1"]
[WhiteElo "2220"]
[BlackElo "2587"]
[TimeControl "180+1"]
[EndTime "14:07:02 PDT"]
[Termination "AlleyOoper won by resignation"]

1. d4 Nf6 2. Nc3 d5 3. Bf4 a6 4.
e3 e6 5. Nf3 c5 6. dxc5 Bxc5 7. Bd3 Nc6 8. O-O b5 9. a3 Bb7 10. e4 O-O 11. e5 Nd7 12. Bxh7+ Kxh7 13. Ng5+ Kg6 14. Qg4 Ndxe5 15. Qg3 Kf6 16. Nge4+ Ke7 17. Nxc5 f6 18. Nxb7 Qb6 19. Bxe5 Nxe5 20. Rfe1 Qxb7 21. f4 Nc4 22. f5 Ne5 23. fxe6 Qb6+ 24. Kh1 Qxe6 25.
Rad1 Rad8 26. Qxg7+ Rf7 27. Qg3 Rh7 28. h3 Kf7 29. Ne2 Rg8 30. Qf2 Rxh3+ 31. gxh3 Qxh3+ 32. Qh2 Qf3+ 0-1

[Event "Late-Titled-Tuesday-Blitz-October-10-2023"]
[Site "Chess.com"]
[Date "2023.10.10"]
[Round "1"]
[White "ThaBarWa"]
[Black "tjallkompall"]
[Result "0-1"]
[WhiteElo "2410"]
[BlackElo "2747"]
[TimeControl "180+1"]
[EndTime "14:07:03 PDT"]
[Termination "tjallkompall won by resignation"]

1. d4 d5 2. c4 dxc4 3. Nf3 Nf6 4. e3 b5 5. a4 b4 6. Bxc4 e6 7. O-O Be7 8. Qe2 O-O 9. Rd1 Bb7 10. b3 Nbd7 11. Bb2 c5 12. a5 a6 13. Nbd2 Qb8 14.
e4 cxd4 15. Nxd4 Ne5 16. f3 Rd8 17. Kh1 Bc5 18. Nf1 Nh5 19. g3 Nf6 20. Ne3 Qa7 21. Nxe6 fxe6 22. Bxe6+ Kh8 23. Bxe5 Bxe3 24. Qb2 Re8 25.
Bxf6 Rxe6 26. Bxg7+ Kg8 27. Rd7 Bxe4 28. Rxa7 Bxf3+ 29. Qg2 Bxg2+ 30. Kxg2 Rxa7 0-1

[Event "Late-Titled-Tuesday-Blitz-October-10-2023"]
[Site "Chess.com"]
[Date "2023.10.10"]
[Round "1"]
[White "Orest_Vovk"]
[Black "Mariia89"]
[Result "1-0"]
[WhiteElo "2536"]
[BlackElo "2050"]
[TimeControl "180+1"]
[EndTime "14:07:03 PDT"]
[Termination "Orest_Vovk won on time"]

1. h4 c5 2. h5 h6 3. Nc3 Nc6 4. Nf3 d5 5. e4 d4 6. Ne2 e5 7. Ng3 Nf6 8. Bc4 Bg4 9. d3 a6 10. a3 b5 11. Ba2 Rc8 12. Bd2 Bd6 13. Nf5 Bxf5 14. exf5 Qd7 15. Nh4 Ne7 16. g4 c4 17. Qf3 Qc6 18. Qxc6+ Rxc6 19. f3 Ned5 20. Ng2 Kd7 21. Ke2 Re8 22. g5 hxg5 23. Bxg5 cxd3+ 24. Kxd3 Rec8 25. Rac1 b4 26. h6 gxh6 27. Rxh6 Be7 28.
Bb3 bxa3 29. Ba4 Nb4+ 30. Kd2 axb2 31. Rb1 Ne4+ 32. fxe4 Bxg5+ 33. Kd1 Bxh6 34. Rxb2 Kd6 35. Rxb4 1-0

[Event "Late-Titled-Tuesday-Blitz-October-10-2023"]
[Site "Chess.com"]
[Date "2023.10.10"]
[Round "1"]
[White "AungTZ"]
[Black "NigelDwarf"]
[Result "0-1"]
[WhiteElo "2023"]
[BlackElo "2535"]
[TimeControl "180+1"]
[EndTime "14:07:03 PDT"]
[Termination "NigelDwarf won by resignation"]

1. e4 c5 2. Nf3 d6 3. d4 cxd4 4.
Nxd4 Nf6 5. Nc3 a6 6. g3 e5 7.
Nb3 Be7 8. Bg2 O-O 9. O-O Be6 10. Bd2 Nc6 11. Re1 Re8 12. a4 Rc8 13. a5 Bxb3 14. cxb3 Nxa5 15. Nd5 Nc6 16. Nxe7+ Qxe7 17. Bc3 Red8 18. Qd2 Qe6 19. Red1 Qxb3 20. h3 h6 21. Kh2 Qc4 22. f3 d5 23. Rac1 dxe4 24. Qf2 Rxd1 25. Rxd1 exf3 26. Bxf3 Qe6 27. Qb6 e4 28. Bg2 Nd5 29. Qxb7 Nxc3 30. bxc3 Rb8 31. Qc7 Rb2 32. Rd6 Qa2 33. Qc8+ Kh7 34. Qf5+ g6 35. Qxe4 Ne5 36. Rd8 Re2 37. Qa8 Rxg2+ 38. Qxg2 Nf3+ 39. Kh1 Qa1+ 0-1

[Event "Late-Titled-Tuesday-Blitz-October-10-2023"]
[Site "Chess.com"]
[Date "2023.10.10"]
[Round "1"]
[White "IMGC"]
[Black "cassoulet"]
[Result "0-1"]
[WhiteElo "2411"]
[BlackElo "2752"]
[TimeControl "180+1"]
[EndTime "14:07:05 PDT"]
[Termination "cassoulet won by resignation"]

1. d4 Nf6 2. Nf3 g6 3. g3 Bg7 4. Bg2 O-O 5. O-O d5 6. c4 dxc4 7. Na3 Nc6 8. Nxc4 Be6 9. b3 Bd5 10. Bb2 a5 11. Rc1 a4 12. bxa4 Ra6 13. Nfe5 Bxg2 14.
Kxg2 Qa8 15. Nxc6 Rxc6 16. f3 Rd8 17. Qb3 Qa6 18. Rfd1 Nd5 19. Kf2 Bh6 20. e3 Rxc4 21. Rxc4 Nxe3 22. Rxc7 Nxd1+ 23. Qxd1 Qb6 24. Qc2 Qe6 25. f4 Bg7 26. Rc4 h5 27. Qe2 Qh3 28. Kg1 e6 29. Qg2 Qg4 30. h3 Qd1+ 31. Kh2 Qd3 32. Qc2 Qxc2+ 33. Rxc2 Bxd4 34. Bxd4 Rxd4 35. Rb2 Rxa4 36. Rxb7 Rxa2+ 37. Kg1 h4 38. gxh4 Ra4 39.
Kg2 Rxf4 40. Kg3 Rf5 41. Rc7 Kg7 42. Ra7 Kh6 43. Rb7 f6 44. Re7 e5 45. Rd7 Rf1 46. Re7 Ra1 47. Rf7 Ra3+ 48. Kg2 f5 49.
Re7 Re3 50. Re8 Re4 51. Kg3 Kg7 52. Re7+ Kf6 53. Ra7 Re3+ 54. Kg2 f4 55. Ra6+ Kf5 56. Ra7 Rb3 57. Rf7+ Ke6 58. Rg7 Kf6 59. Ra7 e4 60. Ra6+ Kf5 61. Ra5+ Kf6 62. Ra6+ Kg7 63. Ra7+ Kh6 64.
Re7 Rg3+ 65. Kf2 e3+ 66. Ke2 Rxh3 67. Re4 Rxh4 68. Kf3 Kg5 69. Re5+ Kf6 70. Ra5 g5 71. Ra6+ Kf5 0-1

[Event "Late-Titled-Tuesday-Blitz-October-10-2023"]
[Site "Chess.com"]
[Date "2023.10.10"]
[Round "1"]
[White "AsaHoffmann"]
[Black "Nor1lsk"]
[Result "0-1"]
[WhiteElo "2405"]
[BlackElo "2739"]
[TimeControl "180+1"]
[EndTime "14:07:05 PDT"]
[Termination "Nor1lsk won by resignation"]

1. d4 g6 2. e4 Bg7 3. Be3 c5 4. c3 cxd4 5. Bxd4 Nf6 6. e5 Nd5 7. e6 f6 8. exd7+ Qxd7 9. Bc4 Nb6 10. Bb3 e5 11. Bc5 Qxd1+ 12. Kxd1 Bf5 13. Nd2 Nc6 14. Ne2 O-O-O 15. Bxb6 axb6 16. Ke1 Kc7 17. Ng3 Bd3 18. Rd1 f5 19. f3 Rhe8 20. Kf2 e4 21. fxe4 fxe4 22. Rhe1 e3+ 23. Rxe3 Rxe3 24. Kxe3 Ne5 25. h3 Bh6+ 26. Kf2 Rf8+ 27. Nf3 Bb5 28. Ne4 Nd3+ 29.
Kg1 Nxb2 30. Rd5 Bc6 31. Re5 Nd3 32. Re7+ Kd8 33. Re6 Nf4 34. Nd4 Nxe6 35. Nxe6+ Ke7 36. Nxf8 Bxe4 37. Ne6 Bd2 38. c4 Kxe6 39. c5+ Bd5 40. cxb6 Bxb3 41. axb3 Be3+ 0-1

[Event "Late-Titled-Tuesday-Blitz-October-10-2023"]
[Site "Chess.com"]
[Date "2023.10.10"]
[Round "1"]
[White "ameetghasi100"]
[Black "EfrenRamos1"]
[Result "1-0"]
[WhiteElo "2726"]
[BlackElo "2404"]
[TimeControl "180+1"]
[EndTime "14:07:05 PDT"]
[Termination "ameetghasi100 won by resignation"]

1. c4 c6 2. e3 d5 3. Nf3 Nf6 4.
b3 g6 5. Bb2 Bg7 6. Be2 a5 7. O-O O-O 8. a3 Bg4 9. h3 Bxf3 10. Bxf3 Nbd7 11. cxd5 cxd5 12. Nc3 e6 13. Rc1 Ne5 14. Be2 Nc6 15. Nb5 Ne4 16. Bxg7 Kxg7 17. Qc2 Rc8 18. Qb2+ Qf6 19. d4 Qe7 20. Bd3 Nd6 21.
Nc3 b6 22. Rc2 Na7 23. Rfc1 Qb7 24. h4 h5 25. Re1 f5 26. Rec1 Rf7 27. Ne2 Rfc7 28. Nf4 Kf7 29. f3 Rxc2 30. Rxc2 Rxc2 31. Qxc2 Qc6 32. Qf2 Qc1+ 33. Kh2 Qxa3 34. Qg3 Qc1 35. Qxg6+ Kf8 36. Nxe6+ Ke7 37. Nf4 Nac8 38. Nxd5+ Kd8 39.
Bxf5 Nxf5 40. Qxf5 Qc6 41. e4 b5 42. Qf8+ Kd7 43.
Qf7+ Kd8 44. e5 a4 45. bxa4 bxa4 46. Nf4 a3 47. Ne6+ Qxe6 48. Qxe6 1-0

[Event "Late-Titled-Tuesday-Blitz-October-10-2023"]
[Site "Chess.com"]
[Date "2023.10.10"]
[Round "1"]
[White "MBA_CHESS_2021"]
[Black "BigAl"]
[Result "0-1"]
[WhiteElo "2233"]
[BlackElo "2592"]
[TimeControl "180+1"]
[EndTime "14:07:05 PDT"]
[Termination "BigAl won on time"]

1. d4 Nf6 2. c4 g6 3. Nc3 Bg7 4.
e4 O-O 5. Be2 d6 6. Bg5 c5 7. d5 b5 8. cxb5 a6 9. bxa6 Qa5 10. Qd2 Bxa6 11. Bxa6 Rxa6 12. Nge2 Nbd7 13. O-O Rb8 14. Rab1 Ne5 15. b3 Qb4 16. f4 Ned7 17.
Qd3 Rab6 18. Na4 R6b7 19. Nec3 Qa3 20. Rbe1 h6 21. Bh4 Rb4 22. Bxf6 Bxf6 23. e5 dxe5 24. Ne4 c4 25. Qh3 cxb3 26. axb3 Rxb3 27. Qxd7 exf4 28.
Nxf6+ exf6 29. Ra1 Qb4 30. Qc6 Qd4+ 31. Kh1 f3 32.
gxf3 Rxf3 33. d6 Rd3 0-1

[Event "Late-Titled-Tuesday-Blitz-October-10-2023"]
[Site "Chess.com"]
[Date "2023.10.10"]
[Round "1"]
[White "mac0504"]
[Black "Blackwhite017"]
[Result "1-0"]
[WhiteElo "2535"]
[BlackElo "2021"]
[TimeControl "180+1"]
[EndTime "14:07:06 PDT"]
[Termination "mac0504 won by checkmate"]

1. d4 d5 2. Nf3 c6 3. Bf4 Nf6 4. e3 Qb6 5. Qc1 Bf5 6. Nbd2 e6 7. Be2 Nbd7 8. O-O c5 9. a4 cxd4 10. a5 Qc6 11. Nxd4 Qc5 12. N2b3 Qc8 13. Nxf5 exf5 14. Nd4 g6 15. a6 b6 16. Bb5 Bc5 17. Bc6 O-O 18. Bxa8 Qxa8 19. Rd1 Rc8 20. Qd2 Ne4 21. Qe2 h5 22. Nb5 Ndf6 23. Be5 Ng4 24. Bg3 g5 25. b4 f4 26. bxc5 fxg3 27. fxg3 Nc3 28. Nxc3 Rxc5 29. Nb5 Qe8 30. Nd4 Rc3 31. Rd3 Rc7 32. Rf1 Ne5 33. Rb3 Nc4 34. Nf5 Qe4 35. Qxh5 Ne5 36. Qxg5+ Ng6 37.
Qd8+ Kh7 38. Qxc7 Ne5 39. Qc3 f6 40. Qd4 Qxc2 41. Rc3 Qe2 42. Rc7+ Kg6 43. Nh4+ Kh6 44. Qf4+ Kh5 45. Rh7# 1-0

[Event "Late-Titled-Tuesday-Blitz-October-10-2023"]
[Site "Chess.com"]
[Date "2023.10.10"]
[Round "1"]
[White "BogdanDeac"]
[Black "AleksanderHnydiuk"]
[Result "1-0"]
[WhiteElo "3015"]
[BlackElo "2508"]
[TimeControl "180+1"]
[EndTime "14:07:08 PDT"]
[Termination "BogdanDeac won on time"]

1. b3 d5 2. Bb2 Bf5 3. e3 e6 4. c4 Nf6 5. cxd5 exd5 6. Qf3 Be4 7. Bxf6 gxf6 8. Qh5 c6 9. Nc3 Bg6 10. Qh4 Nd7 11. Nge2 Ne5 12. Nf4 d4 13. exd4 Nd7 14. Be2 Bd6 15. O-O Qc7 16. Nxg6 fxg6 17. Bf3 O-O 18. Rfe1 Rae8 19. g3 f5 20. d5 Ne5 21.
Bg2 Ng4 22. h3 Nxf2 23. Kxf2 f4 24. Rxe8 fxg3+ 25. Kg1 Rxe8 26. dxc6 bxc6 27. Qc4+ Kg7 28. Qxc6 Bc5+ 29. Kh1 Qe5 30. Rf1 h5 31. Ne4 Bd4 32.
b4 Re7 33. a4 Rc7 34. Qa8 Qe7 35. Qd5 1-0

[Event "Late-Titled-Tuesday-Blitz-October-10-2023"]
[Site "Chess.com"]
[Date "2023.10.10"]
[Round "1"]
[White "Antik5"]
[Black "jcibarra"]
[Result "0-1"]
[WhiteElo "2477"]
[BlackElo "2906"]
[TimeControl "180+1"]
[EndTime "14:07:08 PDT"]
[Termination "jcibarra won by resignation"]

1. c4 e5 2. Nc3 Nf6 3. Nf3 e4 4.
Ng5 c6 5. Ngxe4 Nxe4 6. Nxe4 d5 7.
cxd5 cxd5 8. Ng3 h5 9. e3 h4 10. Ne2 Nc6 11. d4 Bf5 12. Bd2 Qf6 13. Nc3 O-O-O 14. a3 Kb8 15. b4 h3 16. g4 Be6 17.
b5 Na5 18. Ne4 dxe4 19. Bxa5 Rc8 20. Bb4 Qg5 21. Rg1 f5 22. d5 Bd7 23. Qd4 f4 24.
Qxe4 Re8 25. Qd4 fxe3 26. f4 Qh4+ 27. Rg3 e2 28. Bxe2 Bxg4 29. Ra2 Qxg3+ 30. hxg3 h2 31. Kd2 Rxe2+ 32. Kd3 h1=Q 33. Rxe2 Bxe2+ 34. Kxe2 Rh2+ 35. Kd3 Qd1+ 36. Ke4 Re2+ 37. Kf5 Qxd4 38. Kg6 Bxb4 39. Kh7 Qxd5 40. Kg6 Bxa3 41. Kh7 Qxb5 42. Kg6 Rg2 43. Kh7 a5 44. Kg6 a4 0-1

[Event "Late-Titled-Tuesday-Blitz-October-10-2023"]
[Site "Chess.com"]
[Date "2023.10.10"]
[Round "1"]
[White "The_Princess_Moon"]
[Black "Andrej2004"]
[Result "1-0"]
[WhiteElo "2285"]
[BlackElo "2592"]
[TimeControl "180+1"]
[EndTime "14:07:10 PDT"]
[Termination "The_Princess_Moon won on time"]

1. e4 e5 2. Nf3 Nc6 3. Nc3 Nf6 4. Bb5 Bb4 5. O-O O-O 6. d3 Bxc3 7. bxc3 d6 8. Bg5 Ne7 9. Nh4 Ng6 10. Nxg6 fxg6 11.
f4 h6 12. fxe5 dxe5 13. Bh4 g5 14. Bg3 Qe7 15. Rb1 Bg4 16. Qe1 b6 17. Bc4+ Kh7 18.
a4 a5 19. h3 Bd7 20. Bb5 Bc8 21. Bc6 Rb8 22. Rb5 Bd7 23. Rxe5 Qd8 24. Bxd7 Qxd7 25. Ref5 Rfe8 26. Qd1 Rbd8 27. e5 Nd5 28. d4 Ne3 29.
Qd3 Nxf5 30. Rxf5 Kh8 31. h4 g4 32. h5 Rf8 33. Rf2 Rxf2 34. Bxf2 Qxa4 35. d5 Qa2 36. c4 b5 37. Bh4 Rg8 38. cxb5 Qa1+ 39. Kh2 Qxe5+ 40. Kg1 Qxh5 41. Bg3 a4 42. Bxc7 Re8 43.
Bg3 1-0

[Event "Late-Titled-Tuesday-Blitz-October-10-2023"]
[Site "Chess.com"]
[Date "2023.10.10"]
[Round "1"]
[White "SHIVACalypso"]
[Black "chesskov1982"]
[Result "1/2-1/2"]
[WhiteElo "2449"]
[BlackElo "2817"]
[TimeControl "180+1"]
[EndTime "14:07:11 PDT"]
[Termination "Game drawn by repetition"]

1. Nf3 g6 2. c4 Bg7 3. g3 c6 4. Bg2 d6 5. O-O Qc7 6. Nc3 Nd7 7. d4 e5 8. e4 Ngf6 9. Re1 O-O 10. Be3 a6 11.
Qc2 Re8 12. Rad1 exd4 13. Nxd4 Ne5 14. b3 a5 15. h3 b6 16. f4 Ned7 17. Nf3 Bb7 18.
Re2 Nc5 19. e5 dxe5 20. Nxe5 Nh5 21. Bxc5 bxc5 22. Rd7 Qc8 23. Qd3 Nxg3 24. Rd2 Nh5 25.
Nxf7 Bd4+ 26. Rxd4 cxd4 27. Nd6 dxc3 28. Nxc8 cxd2 29. Qxd2 Raxc8 30. Qd6 Rcd8 31. Qc7 Ba8 32. f5 Rd1+ 33. Kh2 Rd2 34. fxg6 hxg6 35. Qxa5 Ree2 36.
Qxa8+ Kf7 37. Qb7+ Kg8 38. Qxc6 Kh7 39. Kg1 Re1+ 40. Kh2 Ree2 41. Kg1 Re1+ 42. Kh2 Rf1 43. Qe4 Nf4 44. Qe7+ Kh6 45. Qh4+ Nh5 46. c5 Rff2 47. Qg4 Rxa2 48. c6 Nf4 49. Qh4+ Nh5 50. Qg4 Nf4 51. Qh4+ Kg7 52. Qe7+ Kh6 53. Qh4+ 1/2-1/2

[Event "Late-Titled-Tuesday-Blitz-October-10-2023"]
[Site "Chess.com"]
[Date "2023.10.10"]
[Round "1"]
[White "CarlosjPineror"]
[Black "hansen"]
[Result "0-1"]
[WhiteElo "2488"]
[BlackElo "2919"]
[TimeControl "180+1"]
[EndTime "14:07:12 PDT"]
[Termination "hansen won by resignation"]

1. e4 c5 2. Nf3 e6 3. d4 cxd4 4. Nxd4 a6 5. c4 Qc7 6. a3 Nf6 7. Nc3 Nc6 8. Be3 b6 9. Be2 Be7 10. Rc1 Qb8 11. O-O O-O 12. f4 Bb7 13. e5 Ne8 14. b4 d6 15. exd6 Nxd6 16. Bf3 Nxd4 17.
Bxd4 Nxc4 18. Qd3 b5 19. Ne4 Rd8 20. Qc3 Bf8 21. Nf6+ gxf6 22. Bxf6 Bh6 23. Bxd8 Qxd8 24. Bxb7 Qb6+ 25. Kh1 Qxb7 26. Rf3 Bg7 27. Rg3 f5 28.
Re1 Re8 29. Qd3 Qf7 30. Rg5 Kf8 31. Re3 Bf6 32. Rgg3 Rd8 33. Qf1 Nxe3 34. Rxe3 Qd7 35. Re1 Bc3 36. Rc1 Qd3 37. Qf3 Qxf3 38. gxf3 Rd3 0-1